 Dungeon Crawl Stone Soup version 0.27.1-1-g398f81649c (webtiles) character file.

Game seed: 6388184432878560412

8372 acemry the Covert (level 11, -3/94 HPs)
             Began as an Octopode Transmuter on Sept 9, 2021.
             Slain by a vampire (8 damage)
             ... on level 11 of the Dungeon.
             The game lasted 00:39:25 (16930 turns).

acemry the Covert (Octopode Transmuter)            Turns: 16930, Time: 00:39:26

Health: -3/94      AC: 25    Str: 11    XL:     11   Next: 29%
Magic:  23/23      EV:  2    Int: 18    God:
Gold:   731        SH: 10    Dex: 12    Spells: 6/14 levels left

rFire    . . .     SeeInvis .   h - staff of cold
rCold    + + +     Faith    .   w - +0 buckler
rNeg     + + +     Spirit   .   (helmet currently unavailable)
rPois    +         Reflect  +   t - amulet of reflection
rElec    +         Harm     .   o - ring of magical power
rCorr    +         Rampage  .   x - ring of wizardry
Will     .....     NoTele   +   v - ring of ice
Stlth    +++++.....             z - ring of positive energy
HPRegen  0.25/turn              (no ring)
MPRegen  0.18/turn              (no ring)
                                (no ring)
                                (no ring)

@: brilliant, tree-form, resistant
A: stationary, stasis, torment immunity, boosted hp, almost no armour,
(amphibious), 8 rings, (camouflage 1), (gelatinous body 1), (nimble swimmer 1),
(tentacles)
a: no special abilities


You were on level 11 of the Dungeon.
You were a tree.
You visited 2 branches of the dungeon, and saw 12 of its levels.

You collected 731 gold pieces.

Inventory:

Hand Weapons
 j - a +1 spectral quarterstaff
 y - a +5 war axe
 A - a +3 battleaxe of flaming
Missiles
 b - 2 curare-tipped darts
 c - 14 poisoned darts
 g - a throwing net
Armour
 w - a +0 buckler (worn)
Magical Staves
 d - a staff of fire
 h - a staff of cold (weapon)
Jewellery
 k - an amulet of faith
 o - a ring of magical power (left branch)
 r - an amulet of magic regeneration
 t - an amulet of reflection (around neck)
 v - a ring of ice (on tentacle)
 x - a ring of wizardry (right branch)
 z - a ring of positive energy (on tentacle)
Wands
 a - a wand of flame (10)
 s - a wand of digging (15)
 u - a wand of polymorph (6)
 C - a wand of acid (10)
 E - a wand of paralysis (9)
Scrolls
 e - 5 scrolls of identify
 i - a scroll of enchant armour
 l - a scroll of fog
 m - 3 scrolls of magic mapping
 n - a scroll of summoning
 p - 3 scrolls of teleportation
 q - 4 scrolls of fear
 F - a scroll of enchant weapon
 G - a scroll of vulnerability {unknown}


   Skills:
 - Level 1.0 Fighting
 - Level 1.1 Staves
 - Level 2.0 Dodging
 - Level 12.7 Stealth
 - Level 4.4 Shields
 - Level 3.0 Unarmed Combat
 - Level 2.0 Spellcasting
 + Level 9.9 Transmutations
 - Level 9.0 Ice Magic
 - Level 4.3 Poison Magic


You had 6 spell levels left.
You knew the following spells:

 Your Spells              Type           Power      Damage    Failure   Level
a - Beastly Appendage     Tmut           100%       N/A       1%          1
b - Spider Form           Tmut/Pois      20%        N/A       1%          3
c - Ice Form              Ice/Tmut       88%        N/A       1%          4

Your spell library contained the following spells:

 Spells                   Type           Power      Damage    Failure   Level
 Wereblood                Tmut           54%        N/A       1%          2
 Blade Hands              Tmut           27%        N/A       3%          5
 Magic Dart               Conj           8%         1d3       8%          1
 Pain                     Necr           8%         1d4       8%          1
 Summon Small Mammal      Summ           8%         N/A       8%          1
 Searing Ray              Conj           4%         3d3       11%         2
 Call Canine Familiar     Summ           2%         N/A       21%         3
 Summon Guardian Golem    Hex/Summ       2%         N/A       21%         3
 Irradiate                Conj/Tmut      14%        3d18      26%         5
 Animate Dead             Necr           1%         N/A       54%         4
 Fulminant Prism          Conj/Hex       1%         3d6       54%         4
 Agony                    Necr           2%         N/A       86%         5
 Excruciating Wounds      Necr           1%         N/A       86%         5
 Summon Forest            Summ/Tloc      1%         N/A       86%         5
 Summon Mana Viper        Hex/Summ       2%         N/A       86%         5
 Shadow Creatures         Summ           N/A        N/A       100%        6
 Dragon Form              Tmut           27%        N/A       69%         7
 Haunt                    Necr/Summ      1%         N/A       100%        7
 Infestation              Necr           1%         N/A       100%        8


Dungeon Overview and Level Annotations

Branches:
Dungeon (11/15)            Temple (1/1) D:6            Lair (0/6) D:9
    Orc: D:9-12

Altars:
Ashenzari
Cheibriados
Dithmenos
Elyvilon
Fedhas
Gozag
Hepliaklqana
Kikubaaqudgha
Makhleb
Nemelex Xobeh
Okawaru
Qazlal
Ru
Sif Muna
Trog
Uskayaw
Vehumet
Wu Jian
Xom
Yredelemnul
Zin
The Shining One

Shops:
D:3 (   D:4 =


Innate Abilities, Weirdness & Mutations

You are a tree.
Your roots penetrate the ground, keeping you stationary.
You cannot be teleported.
You are immune to unholy pain and torment.
Your maximum health is greatly increased.
You cannot wear most types of armour.
((You are amphibious.))
You can wear up to eight rings at the same time.
((Your skin changes colour to match your surroundings (Stealth+).))
((Your rubbery body absorbs attacks. (AC +1, EV +1)))
((You are camouflaged near water. (Stealth+)))
((You have tentacles for arms and can constrict up to eight enemies at once.))


Message History

The troll shouts!
You hit the vampire but do no damage.
The vampire is almost destroyed.
The vampire draws life force from you.
* * * LOW HITPOINT WARNING * * *
The vampire is healed by the life force!
You hit the vampire but do no damage.
The vampire is severely damaged.
The vampire mumbles some strange words.
The vampire flickers and vanishes!
Deactivating autopickup; reactivate with Ctrl-A.
You hit something. Something draws life force from you.
* * * LOW HITPOINT WARNING * * *
You hear some strange, mumbled words.
You are confused.
You bump into the rock wall.
It was a potion of lignification.
You warm up again.
Your staff of cold unmelds from your body.
Your +0 buckler unmelds from your body.
You turn into a tree.
Your roots penetrate the ground.
Something hits you.
* * * LOW HITPOINT WARNING * * *
Something bites you but does no damage.
You are too confused!
It was a potion of brilliance.
You feel clever all of a sudden. Something hits you but does no damage.
Something bites you but does no damage.
You feel protected.
You are unaffected.
You are too confused!
You cannot move. (Use ctrl+direction or * direction to attack without moving.)
You closely miss something.
You feel less confused. Something hits you!
* * * LOW HITPOINT WARNING * * *
Something bites you but does no damage.
You miss something. Something hits you!
* * * LOW HITPOINT WARNING * * *
Something bites you!
You die...

### ..# #.# # ## #.# #..
#.##### #.##### ###
#.....#####.....#####....#
#...............♣{T.......
#>..............#####.....
#.....#.#.####.######.#..#
...##.#.#.# #........# #
##.##.#.#.####..#######
<..#..#.#.#.....#
......#.#.#.###.#
#######.^...# #..#
...^......# ##.#


You could see a troll.

Vanquished Creatures
  A two-headed ogre (D:11)
  A komodo dragon (D:9)
  Grinder (D:4)
  A hornet (D:9)
  Prince Ribbit (D:9)
  Sigmund (D:5)
  A shadow (D:8)
  A wyvern (D:8)
  10 yaks (D:10)
  2 steam dragons
  Edmund (D:5)
  3 water moccasins
  2 black bears
  3 ice beasts
  6 orc warriors
  A sky beast (D:7)
  An ogre (D:5)
  A necrophage (D:6)
  4 centaurs
  A phantom (D:5)
  3 kobold brigands
  A wyvern zombie (D:8)
  4 bullfrogs
  A gnoll sergeant (D:10)
  A scorpion (D:5)
  9 killer bees
  8 wights
  3 howler monkeys (D:7)
  An electric eel (D:8)
  A bullfrog zombie (D:5)
  A centaur zombie (D:7)
  4 jellies
  2 centaur skeletons (D:7)
  An orc priest (D:9)
  5 hounds
  2 gnoll shamans (D:8)
  5 iguanas
  7 orc wizards
  2 killer bee zombies
  A hound skeleton (D:5)
  A howler monkey zombie (D:9)
  A howler monkey skeleton (D:7)
  14 gnolls
  5 adders
  2 white imps
  An ufetubus (D:5)
  An adder skeleton (D:5)
  3 worms (D:2)
  4 dart slugs
  24 orcs
  9 endoplasms
  4 giant cockroaches
  4 goblins
  8 hobgoblins
  2 jackals (D:1)
  19 kobolds
  3 quokkas
  6 ball pythons
  8 bats
  2 frilled lizards
  6 rats
232 creatures vanquished.

Vanquished Creatures (others)
  5 plants (D:9)
5 creatures vanquished.

Grand Total: 237 creatures vanquished

Notes
Turn   | Place    | Note
-------+----------+-------------------------------------------
     0 | D:1      | acemry the Octopode Transmuter began the quest for the Orb.
     0 | D:1      | Reached XP level 1. HP: 13/13 MP: 3/3
    55 | D:1      | Reached skill level 1 in Stealth
   276 | D:1      | Reached XP level 2. HP: 18/18 MP: 3/5
   314 | D:1      | Reached skill level 2 in Stealth
   844 | D:1      | Reached XP level 3. HP: 23/23 MP: 4/6
  1034 | D:1      | Reached skill level 3 in Stealth
  1443 | D:2      | Found a faded altar of an unknown god.
  1482 | D:2      | Found a stormy altar of Qazlal.
  1926 | D:2      | Reached skill level 4 in Stealth
  1948 | D:2      | Reached XP level 4. HP: 28/28 MP: 5/7
  2245 | D:2      | Learned a level 3 spell: Spider Form
  2914 | D:3      | Found Asig's Antique Weapon Emporium.
  2923 | D:3      | Found an opulent altar of Gozag.
  3416 | D:3      | Reached skill level 5 in Stealth
  3512 | D:3      | Reached XP level 5. HP: 27/33 MP: 6/8
  4037 | D:4      | Found Mikaipel's Jewellery Boutique.
  4427 | D:4      | Noticed a water moccasin
  4436 | D:4      | Killed a water moccasin
  4437 | D:4      | Reached skill level 6 in Stealth
  4437 | D:4      | Reached skill level 1 in Poison Magic
  4437 | D:4      | Reached XP level 6. HP: 37/38 MP: 9/9
  4552 | D:4      | Noticed Grinder
  4558 | D:4      | Killed Grinder
  4559 | D:4      | Reached skill level 1 in Staves
  4559 | D:4      | Reached skill level 7 in Stealth
  4559 | D:4      | Reached skill level 1 in Ice Magic
  4559 | D:4      | Reached XP level 7. HP: 28/43 MP: 10/10
  4677 | D:4      | Found a shadowy altar of Dithmenos.
  4724 | D:4      | Found a shimmering altar of Xom.
  4764 | D:4      | Learned a level 4 spell: Ice Form
  5078 | D:5      | Entered Level 5 of the Dungeon
  5249 | D:5      | Reached skill level 8 in Stealth
  5684 | D:5      | Reached XP level 8. HP: 40/48 MP: 11/11
  6139 | D:5      | Reached skill level 5 in Transmutations
  6231 | D:5      | Reached skill level 9 in Stealth
  6511 | D:5      | Noticed Sigmund
  6516 | D:5      | Killed Sigmund
  6531 | D:5      | Noticed Edmund
  6538 | D:5      | Killed Edmund
  6643 | D:6      | Reached skill level 10 in Stealth
  7251 | D:6      | Reached XP level 9. HP: 52/53 MP: 12/12
  7359 | D:6      | Reached skill level 11 in Stealth
  7383 | D:6      | Found a staircase to the Ecumenical Temple.
  7402 | Temple   | Entered the Ecumenical Temple
  7811 | D:6      | Found a sacrificial altar of Ru.
  8926 | D:7      | Reached skill level 1 in Shields
  9130 | D:7      | Reached skill level 5 in Ice Magic
  9352 | D:7      | Reached skill level 12 in Stealth
 10022 | D:8      | Found a snail-covered altar of Cheibriados.
 10025 | D:8      | Found an ancient bone altar of Kikubaaqudgha.
 10025 | D:8      | Found a stormy altar of Qazlal.
 10293 | D:8      | Reached XP level 10. HP: 58/58 MP: 13/13
 11033 | D:8      | Noticed a moth of wrath
 11035 | D:8      | Found a bloodstained altar of Trog.
 12344 | D:8      | HP: 3/69 [troll (7)]
 12897 | D:9      | Noticed Prince Ribbit
 12918 | D:9      | Killed Prince Ribbit
 12987 | D:9      | Paralysed by a hornet for 1 turns
 14021 | D:9      | Found a staircase to the Lair.
 14199 | D:10     | Entered Level 10 of the Dungeon
 15080 | D:10     | Reached XP level 11. HP: 63/63 MP: 14/14
 16113 | D:10     | Noticed a two-headed ogre
 16761 | D:11     | Noticed a two-headed ogre
 16780 | D:11     | Killed a two-headed ogre
 16930 | D:11     | Slain by a vampire

Illustrated notes

Levels and vault maps discovered:
D:1:      noname_arrival_rooms_in_the_neighbourhood, layout_basic
D:2:      layout_basic, basic_ecumenical_altar, basic_altar,
          chequers_decorated_corner, st_stairs_9
D:3:      layout_basic, lemuel_tele_altar, serial_shops,
          nicolae_shop_competitors_out_of_business
D:4:      layout_basic, mainiacjoe_overflow_two_lobes, serial_shops, shop,
          hangedman_decor_points, minmay_misc_feat_more_columns, uniq_grinder
D:5:      layout_basic, serial_corexii_hall, corexii_hall_statues_l,
          corexii_hall_statues_i, sigmund_edmund_badplayer
D:6:      layout_loops_ring, nicolae_ru_path_of_blood,
          minmay_temple_entry_statues_pillars
D:7:      layout_cave_pools, minmay_joined_circles
D:8:      layout_loops_ring, tgw_trog, grunt_temple_overflow_open,
          lightli_minifort
D:9:      layout_cave_pools, david_lair_shrubbed, uniq_prince_ribbit1
D:10:     layout_basic
D:11:     layout_basic, zombieorc2_lemuel, makhleb_altar_promises_db,
          uniq_gastronok
Temple:   eino_narrow_crystal_temple

Skill      XL: |  1  2  3  4  5  6  7  8  9 10 11 |
---------------+----------------------------------+-----
Stealth        | 1 2 4 5 6 7 8 10 12 | 12.7
Transmutations | 3 4 5 7 8 9 |  9.9
Poison Magic   | 1 2 3 4 |  4.3
Staves         | 1 |  1.1
Ice Magic      | 1 2 3 6 8 9 |  9.0
Shields        | 2 4 |  4.4
Fighting       | |  1.0
Dodging        | |  2.0
Unarmed Combat | |  3.0
Spellcasting   | |  2.0

Action                   |  1- 3 |  4- 6 |  7- 9 | 10-12 || total
-------------------------+-------+-------+-------+-------++-------
Melee: Unarmed           |     6 |       |   162 |   404 ||   572
       Constrict         |    21 |    11 |    21 |       ||    53
       Kick              |    15 |     9 |    15 |       ||    39
       Dagger            |     3 |       |       |       ||     3
       Short sword       |    56 |    25 |       |       ||    81
       Tentacles         |    10 |    10 |    16 |       ||    36
       Punch             |     2 |       |     3 |       ||     5
       Quarterstaff      |       |    25 |    69 |       ||    94
       Staff             |       |       |       |     2 ||     2
Throw: Dart              |       |       |       |     5 ||     5
 Cast: Beastly Appendage |    21 |    27 |    28 |       ||    76
       Ice Form          |       |       |    24 |    47 ||    71
Evoke: Wand              |       |       |       |     1 ||     1
  Use: Scroll            |     5 |     1 |     9 |     6 ||    21
       Potion            |       |       |     2 |    12 ||    14
 Stab: Sleeping          |    11 |    10 |    11 |     5 ||    37
Armor: Skin              |     8 |     4 |    57 |   143 ||   212
Dodge: Dodged            |    24 |    24 |   111 |   208 ||   367
Block: Other             |       |       |    43 |   110 ||   153
       Reflection        |       |       |     1 |     5 ||     6
       Buckler           |       |       |       |     1 ||     1
